 Dungeon Crawl Stone Soup version 0.19.0-24-gb05acd6 (webtiles) character file.

144 Krapule the Caller (level 5, -2/37 HPs)
             Began as a Merfolk Summoner on Nov 20, 2016.
             Killed by nerve-wracking pain
             ... invoked by an orc priest
              (14 damage)
             ... on level 3 of the Dungeon.
             The game lasted 00:13:51 (3064 turns).

Krapule the Caller (Merfolk Summoner)               Turns: 3064, Time: 00:13:54

Health: -2/37      AC:  4    Str:  8    XL:     5   Next: 26%
Magic:  8/8        EV: 14    Int: 14    God:
Gold:   108        SH:  0    Dex: 16    Spells: 2 memorised, 5 levels left

rFire  . . .     SeeInvis .     l - +3 spear
rCold  . . .     Gourm    .     q - +1 animal skin
rNeg   . . .     Faith    .     (no shield)
rPois  .         Spirit   .     r - +0 helmet
rElec  .         Reflect  .     (no cloak)
rCorr  .         Harm     .     (no gloves)
MR     .....                    (no boots)
Stlth  ++........               (no amulet)
                                (no ring)
                                (no ring)

@: no status effects
A: change form in water, swift swim, stealthy swim
a: no special abilities


You were on level 3 of the Dungeon.
You were not hungry.

You visited 1 branch of the dungeon, and saw 3 of its levels.

You collected 108 gold pieces.

Inventory:

Hand Weapons
 e - a +0 halberd
 l - a +3 spear (weapon)
 p - a cursed -2 spear
Missiles
 o - 3 throwing nets (quivered)
Armour
 q - a +1 animal skin (worn)
 r - a +0 helmet (worn)
Jewellery
 k - an uncursed ring of ice
Scrolls
 g - a scroll of remove curse {unknown}
 h - 4 scrolls of identify {unknown}
 i - a scroll of teleportation {unknown}
 n - a scroll of magic mapping {unknown}
Potions
 a - 2 potions of lignification {unknown}
 d - 2 potions of curing {unknown}
 f - 3 potions of brilliance {unknown}
 j - 2 potions of mutation {unknown}
Books
 b - a book of Callings

   Spells                             Type                      Level
   a - Summon Small Mammal            Summoning                    1
   b - Call Imp                       Summoning                    2
   c - Call Canine Familiar           Summoning                    3
   d - Summon Guardian Golem          Hexes/Summoning              3
   e - Summon Lightning Spire         Summoning/Air                4
   f - Summon Ice Beast               Ice/Summoning                4
Comestibles
 c - a bread ration
 m - 3 meat rations
 s - a slice of pizza
 t - 2 chunks of flesh


   Skills:
 + Level 1.4 Fighting
 + Level 2.0 Polearms
 + Level 3.6 Dodging
 + Level 2.8 Stealth
 + Level 2.6 Spellcasting
 * Level 4.9 Summonings


You had 5 spell levels left.
You knew the following spells:

 Your Spells              Type           Power        Failure   Level  Hunger
a - Summon Small Mammal   Summ           ###.         2%          1    #......
z - Call Canine Familiar  Summ           ###.....     10%         3    ###....


Dungeon Overview and Level Annotations

Branches:
Dungeon (3/15)

Altars:
Hepliaklqana

Annotations:
D:3 Isidrus's ghost, amateur MiBe


Message History

Your bat hits the orc priest but does no damage.
The rat bites your bat.
Your hound bites the orc priest.
The orc priest calls down the wrath of Beogh upon you.
Beogh smites you!
Your bat barely misses the rat.
A quokka comes into view.
Your bat barely misses the rat.
Your hound bites the orc priest.
The rat misses you.
Your bat closely misses the rat.
You hit the orc priest.
The orc priest is heavily wounded.
Your bat misses the orc priest. The quokka bites your hound.
The orc priest closely misses you.
Your hound misses the quokka. You hit the orc priest.
The orc priest is severely wounded.
Your bat hits the orc priest but does no damage.
Something completely misses your hound. The quokka closely misses your hound.
Your hound bites the quokka.
The orc priest invokes the aid of Beogh against you.
Pain shoots through your body!
You die...

# .# ###. .# ### ...######.#
#.. #........# #.#
#........## #.# #.........#
#.# #..b...r..# #.# ###.oh##
#.# #..@#..# ###.##
#.####h## .....## ###.# #))#
......## #...#####.##
.......#####......?...#
......................#
.......#....#..............r
.........##.#........#...o..
.........##.#########.......


You could see an orc priest, a quokka, a friendly hound and a friendly bat.

Vanquished Creatures
  Ijyb (D:3)
  Robin (D:2)
  A worm (D:2)
  4 dart slugs (D:1)
  3 orcs (D:3)
  6 giant cockroaches
  7 goblins
  13 hobgoblins
  3 jackals (D:1)
  3 bats
  2 frilled lizards
  5 kobolds
  4 rats
53 creatures vanquished.

Vanquished Creatures (collateral kills)
  5 gnolls
  A leopard gecko (D:3)
  An orc (D:3)
  A ball python (D:3)
  A giant cockroach (D:3)
  4 goblins
  3 hobgoblins (D:1)
  A jackal (D:1)
  A quokka (D:3)
  2 rats
20 creatures vanquished.

Grand Total: 73 creatures vanquished

Notes
Turn   | Place    | Note
-------+----------+-------------------------------------------
     0 | D:1      | Krapule the Merfolk Summoner began the quest for the Orb.
     0 | D:1      | Reached XP level 1. HP: 13/13 MP: 3/3
   196 | D:1      | Reached skill level 1 in Polearms
   196 | D:1      | Reached XP level 2. HP: 19/19 MP: 3/5
   696 | D:1      | Reached XP level 3. HP: 22/25 MP: 6/6
   964 | D:1      | Learned a level 3 spell: Call Canine Familiar
  1443 | D:2      | Reached skill level 1 in Fighting
  1716 | D:2      | Reached XP level 4. HP: 32/32 MP: 7/7
  1775 | D:2      | Noticed Robin
  1825 | D:2      | Killed Robin
  2840 | D:3      | Noticed Isidrus's ghost (amateur MiBe)
  2913 | D:3      | Found a hazy altar of Hepliaklqana.
  2949 | D:3      | Noticed Ijyb
  2978 | D:3      | Reached XP level 5. HP: 37/37 MP: 6/8
  3008 | D:3      | Killed Ijyb
  3064 | D:3      | Killed from afar by an orc priest

Skill      XL: |  1  2  3  4 |
---------------+-------------+-----
Polearms       | 1 2 |  2.0
Dodging        | 3 |  3.6
Fighting       | 1 |  1.4
Stealth        | |  2.8
Spellcasting   | |  2.6
Summonings     | |  4.9

Action                   |  1- 3 |  4- 6 || total
-------------------------+-------+-------++-------
Melee: Halberd           |    41 |       ||    41
       Spear             |    71 |    96 ||   167
 Cast: Summon Small Mamm |    28 |    13 ||    41
       Call Canine Famil |       |     3 ||     3
 Stab: Sleeping          |     6 |     3 ||     9
  Eat: Chunk             |     2 |     6 ||     8
Armor: Leather armour    |    12 |     1 ||    13
       Animal skin       |       |     9 ||     9
Dodge: Dodged            |    64 |    31 ||    95
